 Dungeon Crawl Stone Soup version 0.31-a0-152-g6aa68a64a1 (webtiles) character file.

Game seed: 17850299341374242237

1 qw the Shooter (level 1, 0/19 HPs)
             Began as a Naga Hunter on June 10, 2023.
             Slain by a goblin
             ... wielding a +0 dagger
              (1 damage)
             ... on level 1 of the Dungeon.
             The game lasted 00:00:01 (35 turns).

qw the Shooter (Naga Hunter)                          Turns: 35, Time: 00:00:02

Health: 0/19       AC:  1    Str: 13    XL:     1   Next: 20%
Magic:  1/1        EV:  9    Int:  9    God:
Gold:   6          SH:  0    Dex: 14    Spells: 0/0 levels left

rFire   . . .        a - +0 shortbow
rCold   . . .        (shield currently unavailable)
rNeg    . . .        c - +0 leather armour
rPois   +            (no helmet)
rElec   .            (no cloak)
rCorr   .            (no gloves)
SInv    +            (no barding)
Will    .....        (no amulet)
Stlth   ++           (no ring)
HPRegen 0.23/turn    (no ring)
MPRegen 0.07/turn

%: no passive effects
@: short of breath, very slow
A: AC +0, large, see invisible, deformed body, poison resistance, slowness 2,
spit poison 1, naga tail 1
a: Spit Poison


You were on level 1 of the Dungeon.
You visited 1 branch of the dungeon, and saw 1 of its levels.

You collected 6 gold pieces.


Innate Abilities, Weirdness & Mutations

Your serpentine skin is tough. (AC +0)
You have supernaturally acute eyesight. (SInv)
Armour fits poorly on your strangely shaped body.
Your system is resistant to poisons. (rPois)
You cover ground very slowly.
You can spit poison.
You have a snake-like lower body.


   Skills:
 - Level 2.0 Fighting
 + Level 3.6 Ranged Weapons
 - Level 1.5 Dodging
 - Level 1.5 Stealth


You couldn't memorise any spells.
You didn't know any spells.
Your spell library was empty.

Inventory:

Hand Weapons
 a - a +0 shortbow (weapon)
Armour
 c - a +0 leather armour (worn)
Scrolls
 b - a scroll of butterflies

Dungeon Overview and Level Annotations

Branches:
Dungeon (1/15)

Altars:


Message History

You shoot an arrow. The arrow closely misses the quokka.
You shoot an arrow. The arrow hits the quokka.
The quokka is severely wounded.
A bat comes into view.
The quokka barely misses you.
The bat moves out of view.
You shoot an arrow. The arrow closely misses the quokka.
The quokka bites you.
You shoot an arrow. The arrow hits the quokka!
You kill the quokka!
You have got your breath back.
The goblin hits you with a +0 dagger.
29 ||| INVOKING Spit Poison.
Aiming: Spit Poison (3% risk of failure)
Press: ? - help, Shift-Dir - straight line, f - kobold The splash of poison misses the kobold.
The kobold barely misses you. The goblin hits you with a +0 dagger.
You shoot an arrow. The arrow barely misses the kobold.
The kobold closely misses you. The goblin hits you with a +0 dagger.
You shoot an arrow.
The arrow hits the kobold but does no damage.
The kobold hits you with a +1 short sword of protection.
The goblin hits you but does no damage.
The kobold hits you with a +1 short sword of protection.
The goblin hits you with a +0 dagger.
You shoot an arrow. The arrow barely misses the kobold.
You have got your breath back.
The goblin misses you. The kobold barely misses you.
33 ||| INVOKING Spit Poison.
Aiming: Spit Poison (3% risk of failure)
Press: ? - help, Shift-Dir - straight line, f/p - kobold The splash of poison misses the kobold.
The kobold hits you but does no damage. The goblin barely misses you.
You shoot an arrow.
The arrow hits the kobold but does no damage.
The kobold closely misses you. The goblin hits you with a +0 dagger.
The bat hits you but does no damage.
You shoot an arrow. The arrow closely misses the kobold.
The bat hits you but does no damage. The kobold closely misses you.
The goblin hits you with a +0 dagger.
You die...

#...#.......#
##............ #
#......#.....
#..######............
#..........#.......#.
#.####.....#......>#.
#...##.#...###...###
##.###..#.##..........
.....bg@..##..........
......K#...###...#
.......##........#
....... #.######.#
....... ..# .# .......
### ....... .######


You could see a goblin, a bat and a kobold.

Vanquished Creatures
  A quokka (D:1)
1 creature vanquished.

Notes
Turn   | Place    | Note
-------+----------+-------------------------------------------
     0 | D:1      | qw the Naga Hunter began the quest for the Orb.
     0 | D:1      | Reached XP level 1. HP: 19/19 MP: 1/1
     0 | D:1      | 0 ||| qw: Version: 0.2-a-29-g8b02136
     0 | D:1      | 0 ||| qw: Game counter: 3821
     0 | D:1      | 0 ||| qw: Always use a shield: true
     0 | D:1      | 0 ||| qw: God list: Okawaru
     0 | D:1      | 0 ||| qw: Allow faded altars: false
     0 | D:1      | 0 ||| qw: Do Orc after D:15 true
     0 | D:1      | 0 ||| qw: Do second Lair branch before Depths: true
     0 | D:1      | 0 ||| qw: Lair rune preference: random
     0 | D:1      | 0 ||| qw: Plans: Normal
     0 | D:1      | 0 ||| PLANNING D:1-11
    24 | D:1      | 24 ||| INVOKING Spit Poison.
    29 | D:1      | 29 ||| INVOKING Spit Poison.
    31 | D:1      | HP: 4/19 [goblin/+0 dagger (3)]
    33 | D:1      | 33 ||| INVOKING Spit Poison.
    34 | D:1      | HP: 1/19 [goblin/+0 dagger (4)]
    35 | D:1      | Slain by a goblin

Levels and vault maps discovered:
D:1:      minmay_arrival_open_corners, layout_basic, bh_walls_and_bars

Action                     || total
---------------------------++-------
   Fire: Shortbow          ||    10
Ability: Spit Poison       ||     3
 Armour: Leather armour    ||     4
  Dodge: Dodged            ||     8

Table legend:
 A = Non-vault XP
 B = Vault XP
 C = Vault XP percentage of total XP
 D = Non-vault monster count
 E = Vault monster count
 F = Vault count percentage of total count
                 A         B        C        D         E       F
            +---------+---------+-------+---------+---------+-------
      Total |       2 |       0 |   0.0 |       1 |       0 |   0.0
            +---------+---------+-------+---------+---------+-------
        D:1 |       2 |       0 |   0.0 |       1 |       0 |   0.0
            +---------+---------+-------+---------+---------+-------
